 Dungeon Crawl Stone Soup version 0.28-a0-1510-gd0f6b136d3 (webtiles) character file.

Game seed: 1609216816437657939

1845 leviel the Basher (level 9, -6/73 HPs)
             Began as a Hill Orc Fighter on Jan 14, 2022.
             Was a Believer of Okawaru.
             Killed from afar by an electric eel (11 damage)
             ... with a bolt of electricity
             ... on level 7 of the Dungeon on Jan 15, 2022.
             The game lasted 00:08:10 (7022 turns).

leviel the Basher (Hill Orc Fighter)                Turns: 7022, Time: 00:08:10

Health: -6/73      AC: 11    Str: 23    XL:     9   Next: 12%
Magic:  9/9        EV:  9    Int:  8    God:    Okawaru [**....]
Gold:   221        SH: 10    Dex: 16    Spells: 8/8 levels left

rFire   x . .      SeeInvis .   p - +11 flail "Ocrozoc" {vorpal, rF- rCorr Dex+6}
rCold   . . .      Faith    .   c - +0 buckler
rNeg    . . .      Spirit   .   b - +0 scale mail
rPois   .          Reflect  +   (no helmet)
rElec   .          Harm     .   e - +2 cloak
rCorr   +          Rampage  .   z - +0 pair of gloves
Will    .....                   (no boots)
Stlth   ..........              m - amulet of reflection
HPRegen 0.22/turn               (no ring)
MPRegen 0.11/turn               (no ring)

@: no status effects
A: no striking features
a: Renounce Religion, Heroism


You were on level 7 of the Dungeon.
You worshipped Okawaru.
Okawaru was pleased with you.
You visited 2 branches of the dungeon, and saw 8 of its levels.

You collected 287 gold pieces.
You spent 66 gold pieces at shops.

Inventory:

Hand Weapons
 a - a +2 war axe
 f - a +4 spectral short sword
 p - the +11 flail "Ocrozoc" (weapon) {vorpal, rF- rCorr Dex+6}
   (You found it on level 4 of the Dungeon)

   It inflicts extra damage upon your enemies.
   Dex:       It affects your dexterity (+6).
   rF:        It makes you vulnerable to fire.
   rCorr:     It protects you from acid and corrosion.
Armour
 b - a +0 scale mail (worn)
 c - a +0 buckler (worn)
 e - a +2 cloak (worn)
 z - a +0 pair of gloves (worn)
Jewellery
 j - a ring of fire {rF+ rC-}
 m - an amulet of reflection (around neck)
 t - a ring of ice {rC+ rF-}
Wands
 w - a wand of flame (10)
 y - a wand of digging (8)
Scrolls
 l - 2 scrolls of identify {@r1}
 s - 2 scrolls of fog {unknown}
 A - a scroll of blinking {unknown}
Potions
 d - a potion of might
 h - 2 potions of curing {unknown}
 i - a potion of cancellation {unknown}
 k - a potion of invisibility
 n - a potion of brilliance {unknown}
 o - 2 potions of flight {unknown}
 q - a potion of haste {unknown}
 r - 3 potions of magic {unknown}
 u - 2 potions of mutation {unknown}
 v - a potion of degeneration {unknown}
 x - a potion of lignification {unknown}


   Skills:
 - Level 4.8 Fighting
 - Level 2.3 Short Blades
 - Level 2.9(8.9) Axes
 + Level 11.0(11.1) Maces & Flails
 - Level 4.4 Armour
 - Level 4.4 Shields


You had 8 spell levels left.
You didn't know any spells.
Your spell library contained the following spells:

 Spells                   Type           Power      Damage    Failure   Level
 Confusing Touch          Hex            0%         N/A       99%         3
 Gell's Gravitas          Tloc           0%         N/A       99%         3
 Lesser Beckoning         Tloc           0%         N/A       99%         3
 Teleport Other           Tloc           0%         N/A       99%         3
 Yara's Violent Unravell  Hex/Tmut       0%         3d3       100%        5
 Enfeeble                 Hex            0%         N/A       100%        7


Dungeon Overview and Level Annotations

Branches:
Dungeon (7/15)             Temple (1/1) D:4

Altars:
Ashenzari
Cheibriados
Dithmenos
Elyvilon
Fedhas
Gozag
Hepliaklqana
Kikubaaqudgha
Makhleb
Nemelex Xobeh
Okawaru
Qazlal
Ru
Sif Muna
Trog
Uskayaw
Vehumet
Wu Jian
Xom
Yredelemnul
Zin
The Shining One

Shops:
D:2 *   D:6 *


Message History

The ufetubus hits you but does no damage.
The ufetubus closely misses you. You block the ufetubus's attack.
The ufetubus hits you.
The electric eel shoots out a bolt of lightning at you!
The bolt of electricity misses you.
The iguana splashes around in the water.
You sock the iguana!
You kill the iguana!
Okawaru accepts your kill. You block the ufetubus's attack.
The ufetubus barely misses you.
Your Maces & Flails skill increases to level 11!
You enter the shallow water.
Moving in this stuff is going to be slow.
You block the ufetubus's attack. x2
The ufetubus hits you but does no damage. x2
The electric eel shoots out a bolt of lightning at you!
The bolt of electricity hits you. The ufetubus barely misses you.
You block the ufetubus's attack.
The electric eel shoots out a bolt of lightning at you!
The bolt of electricity misses you. The ufetubus closely misses you.
The ufetubus barely misses you.
The electric eel shoots out a bolt of lightning at you!
The bolt of electricity misses you.
The electric eel shoots out a bolt of lightning at you!
The bolt of electricity hits you! The ufetubus hits you.
You block the ufetubus's attack.
The electric eel shoots out a bolt of lightning at you!
The bolt of electricity hits you!
* * * LOW HITPOINT WARNING * * *
The ufetubus barely misses you.
The ufetubus hits you but does no damage.
The electric eel shoots out a bolt of lightning at you!
The bolt of electricity hits you.
* * * LOW HITPOINT WARNING * * *
As you read the scroll of fear, it crumbles to dust.
You assume a fearsome visage.
The ufetubus looks frightened!
The electric eel is unaffected.
The electric eel shoots out a bolt of lightning at you!
The bolt of electricity hits you!
You die...

# # .# ## #..##. #####
.## #.... ##≈≈≈≈## ..##
#.... ##≈≈≈≈≈≈###...#
#.... ..≈S........#
....... .≈≈....@....#
##..... ≈....≈≈.....#
###..# ≈..≈≈..5....#
#..# .≈≈....≈....## #..
....⌠≈≈......# ##.#
...≈≈⌠.......#######..#
..≈....≈≈.............##
..≈..≈≈..≈.............#
..≈≈....≈...######.....


You could see an electric eel and an ufetubus (fleeing).

Vanquished Creatures
  A steam dragon (D:6)
  A black bear (D:4)
  An orc warrior (D:7)
  A hornet zombie (D:6)
  2 necrophages
  2 ogres
  A centaur (D:5)
  2 phantoms
  Blork the orc (D:6)
  2 bullfrogs
  3 scorpions
  A jelly (D:6)
  2 centaur skeletons
  A hound (D:3)
  An orc priest (D:5)
  2 iguanas
  3 orc wizards
  A howler monkey zombie (D:6)
  6 adders
  5 gnolls
  7 worms
  The ghost of murtidash the Sneak, a weakling HODe (D:5)
  3 dart slugs
  10 orcs
  3 endoplasms
  4 giant cockroaches
  7 goblins
  7 hobgoblins
  3 jackals (D:3)
  7 kobolds
  2 quokkas
  4 ball pythons
  6 bats
  3 frilled lizards
  4 rats
110 creatures vanquished.

Notes
Turn   | Place    | Note
-------+----------+-------------------------------------------
     0 | D:1      | leviel the Hill Orc Fighter began the quest for the Orb.
     0 | D:1      | Reached XP level 1. HP: 19/19 MP: 1/1
     0 | D:1      | Upgraded the game from 0.28-a0-1506-g3893175d92 to
                  | 0.28-a0-1510-gd0f6b136d3
   374 | D:1      | Reached XP level 2. HP: 27/27 MP: 2/2
   716 | D:1      | Reached XP level 3. HP: 33/33 MP: 3/3
  1144 | D:2      | Reached skill level 1 in Short Blades
  1862 | D:2      | Found Ataw's Assorted Antiques.
  1872 | D:2      | Bought a scroll labelled MIETWAE HYXTAO for 33 gold pieces
  1872 | D:2      | Bought a scroll labelled RYTODI ZYTELL for 33 gold pieces
  2333 | D:3      | Reached XP level 4. HP: 41/41 MP: 4/4
  2362 | D:3      | Reached XP level 5. HP: 34/47 MP: 5/5
  2609 | D:3      | Found a faded altar of an unknown god.
  3353 | D:4      | Identified the +11 flail "Ocrozoc" {vorpal, rF- rCorr
                  | Dex+6}
  3377 | D:4      | Found a staircase to the Ecumenical Temple.
  3402 | Temple   | Entered the Ecumenical Temple
  3748 | Temple   | Became a worshipper of Warmaster Okawaru
  3893 | D:4      | Noticed a black bear
  3897 | D:4      | Killed a black bear
  3898 | D:4      | Reached skill level 3 in Maces & Flails
  3898 | D:4      | Reached XP level 6. HP: 55/55 MP: 6/6
  4381 | D:5      | Entered Level 5 of the Dungeon
  4383 | D:5      | Found a runed translucent door.
  4400 | D:5      | Noticed murtidash's ghost (weakling HODe)
  4411 | D:5      | Reached skill level 4 in Maces & Flails
  4417 | D:5      | Killed murtidash's ghost
  4503 | D:5      | Reached skill level 5 in Maces & Flails
  4503 | D:5      | Reached XP level 7. HP: 49/60 MP: 7/7
  4634 | D:5      | Reached * piety under Okawaru
  4813 | D:5      | Reached skill level 6 in Maces & Flails
  5100 | D:5      | Reached skill level 7 in Maces & Flails
  5104 | D:5      | Reached XP level 8. HP: 55/67 MP: 8/8
  5260 | D:5      | Found a radiant altar of Vehumet.
  5389 | D:5      | Found a sacrificial altar of Ru.
  5526 | D:6      | Noticed Blork the orc
  5532 | D:6      | Killed Blork the orc
  5533 | D:6      | Reached skill level 8 in Maces & Flails
  5597 | D:6      | Reached ** piety under Okawaru
  5657 | D:6      | Reached skill level 9 in Maces & Flails
  6336 | D:6      | Reached skill level 10 in Maces & Flails
  6382 | D:6      | Found Keomank's Assorted Antiques.
  6656 | D:7      | Reached XP level 9. HP: 66/73 MP: 9/9
  7015 | D:7      | Reached skill level 11 in Maces & Flails
  7022 | D:7      | Killed from afar by an electric eel

Illustrated notes

Levels and vault maps discovered:
D:1:      dpeg_chamrin_arrival_tetris, layout_loops_ring, st_stairs_14
D:2:      layout_basic, serial_corexii_hall, chequers_hall_statues_wall_a,
          corexii_hall_statues_l, corexii_hall_statues_l,
          corexii_hall_statues_i, serial_shops, shop
D:3:      layout_basic, nicolae_ecumenical_lake_church, minmay_mini_jars
D:4:      layout_loops_ring, temple_doors_e
D:5:      layout_gridville, mainiacjoe_overflow_two_lobes, ebering_ghost_sewer_d
D:6:      layout_loops_ring, serial_shops, nicolae_take_the_stairs,
          uniq_blork_the_orc
D:7:      cheibrodos_helix_gallery, layout_layer_cave, uniq_crazy_yiuf_cottage
Temple:   mainiacjoe_temple_cubbyholes

Skill      XL: |  1  2  3  4  5  6  7  8  9 |
---------------+----------------------------+-----
Fighting       | 4 |  4.8
Short Blades   | 1 2 |  2.3
Shields        | 4 |  4.4
Armour         | 4 |  4.4
Maces & Flails | 3 5 7 10 11 | 11.0
Axes           | |  2.9

Action                   |  1- 3 |  4- 6 |  7- 9 || total
-------------------------+-------+-------+-------++-------
Melee: War axe           |    14 |       |       ||    14
       Short sword       |    59 |    51 |       ||   110
       Flail             |       |    25 |   115 ||   140
  Use: Scroll            |     7 |       |     4 ||    11
Armor: Scale mail        |    27 |    32 |    52 ||   111
Dodge: Dodged            |    29 |    26 |    51 ||   106
Block: Buckler           |    11 |    33 |    82 ||   126
       Reflection        |       |     1 |     4 ||     5

Table legend: (Time is in decaauts)
 A = Elapsed time spent in this place.
 B = Non-inter-level travel time spent in this place.
 C = Inter-level travel time spent in this place.
 D = Time resting spent in this place.
 E = Time spent auto-exploring this place.
 F = Levels seen in this place.
 G = Mean time per level.
                   A        B        C        D        E       F      G
               +--------+--------+--------+--------+--------+-----+--------+
         Total |   7041 |   6618 |    423 |    925 |   4982 |   8 |  880.1 |
       Dungeon |   6670 |   6313 |    357 |    925 |   4679 |   7 |  952.9 |
        Temple |    370 |    304 |     66 |      0 |    303 |   1 |  370.0 |
               +--------+--------+--------+--------+--------+-----+--------+

Top non-repeatable levels by time:
     D:3: 1185 daAuts
     D:6: 1149 daAuts
     D:5: 1116 daAuts
     D:2: 1092 daAuts
     D:1: 1080 daAuts
     D:4: 666 daAuts
     D:7: 378 daAuts
  Temple: 370 daAuts
